 Dungeon Sprint DCSS version 0.22-a0-877-g5c4e1af (webtiles) character file.

105 Supahsalami the Cudgeler (level 4, -4/32 HPs)
             Began as a Gargoyle Fighter on July 29, 2018.
             Slain by Sigmund
             ... wielding a +0 scythe
              (5 damage)
             ... in the Dungeon (Sprint I: "Red Sonja").
             The game lasted 00:02:02 (570 turns).

Supahsalami the Cudgeler (Gargoyle Fighter)          Turns: 570, Time: 00:02:03

Health: -4/32      AC: 10    Str: 21    XL:     4   Next: 83%
Magic:  4/4        EV:  7    Int:  8    God:
Gold:   0          SH:  0    Dex:  9    Spells: 3/3 levels left

rFire    . . .     SeeInvis .   a - +0 flail
rCold    . . .     Gourm    .   c - +0 shield
rNeg     + . .     Faith    .   b - +0 scale mail
rPois    ∞         Spirit   .   (no helmet)
rElec    +         Reflect  .   (no cloak)
rCorr    .         Harm     .   (no gloves)
MR       .....     NoTele   +   (no boots)
Stlth    ..........             (no amulet)
HPRegen  0.10/turn              (no ring)
MPRegen  0.09/turn              (no ring)

@: confused
A: negative energy resistance 1, electricity resistance, unbreathing,
petrification resistance, rot immunity, AC +3
a: no special abilities


You were in the Dungeon.
You were not hungry.

You visited 1 branch

Inventory:

Hand Weapons
 a - a +0 flail (weapon)
Armour
 b - a +0 scale mail (worn)
 c - a +0 shield (worn)
Scrolls
 k - a scroll of blinking
Potions
 d - a potion of might
 g - a potion of heal wounds
 h - a potion of haste
 i - 2 potions of magic
 j - a potion of berserk rage
 l - a potion of agility
Comestibles
 f - a ration


   Skills:
 + Level 6.6 Fighting
 * Level 7.6 Maces & Flails
 - Level 3.2 Armour
 - Level 3.2 Shields


You had 3 spell levels left.
You didn't know any spells.
Your spell library was empty.

Dungeon Overview and Level Annotations

Branches:
Dungeon (1/1)

Altars:

Annotations:
D Sigmund


Innate Abilities, Weirdness & Mutations

You are resistant to torment.
Your stone body is resilient. (AC +3)
You are immune to poison.
You resist negative energy. (rN+)
You are resistant to electric shocks. (rElec)
You can survive without breathing.
You are immune to petrification.
You are immune to rotting.


Message History

You closely miss something. You hit something.
Something hits you but does no damage.
You closely miss something. Something hits you.
* * * LOW HITPOINT WARNING * * *
You miss something. Something hits you.
* * * LOW HITPOINT WARNING * * *
You miss something. You hit something.
You hear some strange, mumbled words.
A magic dart appears from out of thin air!
The magic dart hits you!
You sock something! Something hits you but does no damage.
You miss something. Something hits you.
* * * LOW HITPOINT WARNING * * *
You hit something but do no damage. You closely miss something.
You hear some strange, mumbled words.
You are confused.
You completely miss something. Something hits you.
You die...

########## ##
#<.#.)@{.#..+
#..'..#).'..#
#..#####+####
#..# #..#
#..# #⌠⌠#
####


There were no monsters in sight!

Vanquished Creatures
  An ogre (D)
  Ijyb (D)
2 creatures vanquished.

Notes
Turn   | Place    | Note
-------+----------+-------------------------------------------
     0 | D        | Supahsalami the Gargoyle Fighter began the quest for the Orb.
     0 | D        | Reached XP level 1. HP: 14/14 MP: 1/1
     2 | D        | Noticed Ijyb
    31 | D        | Killed Ijyb
    31 | D        | Reached skill level 5 in Fighting
    31 | D        | Reached skill level 5 in Maces & Flails
    31 | D        | Reached XP level 2. HP: 14/21 MP: 2/2
    31 | D        | Reached XP level 3. HP: 17/26 MP: 3/3
   133 | D        | Noticed an ogre
   140 | D        | HP: 1/26 [ogre/giant club (2)]
   141 | D        | Killed an ogre
   141 | D        | Reached skill level 7 in Maces & Flails
   141 | D        | Reached XP level 4. HP: 2/32 MP: 4/4
   544 | D        | Noticed Sigmund
   557 | D        | HP: 1/32 [Sigmund/scythe (11)]
   567 | D        | HP: 1/32 [something (5)]
   570 | D        | Slain by Sigmund

Vault maps used:
D:        dungeon_sprint_1

Skill      XL: |  1  2  3 |
---------------+----------+-----
Fighting       | 5 6 |  6.6
Maces & Flails | 5 7 |  7.6
Armour         | |  3.2
Shields        | |  3.2

Action                   |  1- 3 |  4- 6 || total
-------------------------+-------+-------++-------
Melee: Flail             |    34 |    17 ||    51
  Use: Potion            |       |     1 ||     1
Armor: Scale mail        |    12 |     4 ||    16
Dodge: Dodged            |     4 |       ||     4
Block: Shield            |    14 |       ||    14

Table legend:
 A = Spawn XP
 B = Non-spawn XP
 C = Spawn XP percentage of total XP
 D = Spawn monster count
 E = Non-spawn monster count
 F = Spawn count percentage of total count
 G = Total turns spent on level
                    A         B        C        D         E        F      G
               +---------+---------+-------+---------+---------+-------+---------
         Total |       0 |     151 |   0.0 |       0 |       2 |   0.0 |   570
               +---------+---------+-------+---------+---------+-------+---------
             D |       0 |     151 |   0.0 |       0 |       2 |   0.0 |   570
               +---------+---------+-------+---------+---------+-------+---------
